 Dungeon Crawl Stone Soup version 0.30-a0-373-gd37427bb62 (webtiles) character file.

Game seed: 12778556646782723060

30 qeuew the Trooper (level 3, 0/27 (29) HPs)
             Began as a Demonspawn Monk on Nov 24, 2022.
             Slain by Ijyb
             ... wielding a +0 dagger
              (5 damage)
             ... on level 2 of the Dungeon.
             The game lasted 00:02:44 (899 turns).

qeuew the Trooper (Demonspawn Monk)                  Turns: 899, Time: 00:02:44

HP:   0/27 (29)     AC: -1    Str: 13    XL:     3   Next: 3%
MP:   3/3           EV: 13    Int: 11    God:
Gold: 22            SH:  0    Dex: 15    Spells: 2/2 levels left

rFire   . . .      SeeInvis .    a - +0 hand axe
rCold   . . .      Faith    .    (no shield)
rNeg    . . .      Spirit   .    b - +0 robe
rPois   .          Reflect  .    (helmet restricted)
rElec   .          Harm     .    (no cloak)
rCorr   .          Rampage  .    (no gloves)
Will    .....                    (no boots)
Stlth   +.........               (no amulet)
HPRegen 0.24/turn                (no ring)
MPRegen 0.08/turn                (no ring)

@: confused, ambrosia-drunk, corroded, drained
A: horns 1, demonic touch 1
a: no special abilities


You were on level 2 of the Dungeon.
You visited 1 branch of the dungeon, and saw 2 of its levels.

You collected 22 gold pieces.

Inventory:

Hand Weapons
 a - a +0 hand axe (weapon)
Armour
 b - a +0 robe (worn)


   Skills:
 + Level 3.3 Fighting
 + Level 3.0 Axes
 + Level 1.0 Armour
 + Level 3.0 Dodging
 - Level 1.7 Stealth


You had 2 spell levels left.
You didn't know any spells.
Your spell library contained the following spells:

 Spells                   Type           Power      Damage    Failure   Level
 Necrotise                Necr           0%         1d4       34%         1
 Vampiric Draining        Necr           0%         2d6       71%         3
 Agony                    Necr           0%         N/A       100%        5


Dungeon Overview and Level Annotations

Branches:
Dungeon (2/15)

Altars:

Annotations:
D:2 Ijyb


Innate Abilities, Weirdness & Mutations

You have a pair of small horns on your head.
Your touch may inflict minor irresistible damage on your foes.


Message History

You are too injured to fight recklessly!
You are too injured to fight recklessly!
You are too injured to fight recklessly!
You are too injured to fight recklessly!
You are too injured to fight recklessly!
You are too injured to fight recklessly!
You are too injured to fight recklessly!
You are too injured to fight recklessly!
You feel much better.
Ijyb zaps a wand.
The bolt of acid misses you.
You hit Ijyb but do no damage.
Ijyb is moderately wounded.
Ijyb zaps a wand.
The bolt of acid hits you! The acid corrodes you!
The now-empty wand crumbles to dust.
You hit Ijyb but do no damage.
You touch Ijyb!
Ijyb is severely wounded.
Ijyb closely misses you.
Okay, then.
You aren't carrying any scrolls.
There is a stone staircase leading up here.
You barely miss Ijyb.
Ijyb is severely wounded.
Ijyb screams, "I dance on your bones!" Ijyb misses you.
You closely miss Ijyb.
Ijyb is severely wounded.
Ijyb hits you with a +0 dagger.
You hit Ijyb but do no damage. You headbutt Ijyb, but do no damage.
Ijyb is severely wounded.
Ijyb hits you with a +0 dagger.
* * * LOW HITPOINT WARNING * * *
Ijyb barely misses you.
You hit Ijyb but do no damage. You headbutt Ijyb, but do no damage.
Ijyb is severely wounded.
Ijyb hits you with a +0 dagger.
* * * LOW HITPOINT WARNING * * *
You are confused.
You feel invigorated. Ijyb hits you with a +0 dagger.
* * * LOW HITPOINT WARNING * * *
You're too confused to move!
Ijyb hits you with a +0 dagger.
You die...

### ..# #.# ## #.#
.## #.# .. #@# #
#.##g## #$ #.#...##
#..#..###.## #.....#
#..##
#.##..###...####### #
#.#...#.........
###.##.#....#.#######
................>.#


You could see Ijyb.

Vanquished Creatures
  A dart slug (D:1)
  A bat (D:1)
  2 endoplasms (D:1)
  2 giant cockroaches (D:1)
  5 goblins
  4 hobgoblins (D:1)
  2 jackals (D:2)
  A kobold (D:1)
  3 ball pythons
21 creatures vanquished.

Notes
Turn   | Place    | Note
-------+----------+-------------------------------------------
     0 | D:1      | qeuew the Demonspawn Monk began the quest for the Orb.
     0 | D:1      | Reached XP level 1. HP: 18/18 MP: 1/1
   223 | D:1      | Discovered your monstrous ancestry.
   223 | D:1      | Gained mutation: Your touch may inflict minor irresistible
                  | damage on your foes. [demonic ancestry]
   223 | D:1      | Reached XP level 2. HP: 19/24 MP: 2/2
   801 | D:2      | Reached skill level 1 in Armour
   805 | D:2      | Gained mutation: You have a pair of small horns on your
                  | head. [demonic ancestry]
   805 | D:2      | Reached XP level 3. HP: 13/29 MP: 3/3
   808 | D:2      | Noticed Ijyb
   898 | D:2      | HP: 1/27 [Ijyb/+0 dagger (5)]
   899 | D:2      | Slain by Ijyb

Illustrated notes

Levels and vault maps discovered:
D:1:      minmay_arrival_three_doors, layout_loops_cross
D:2:      kennysheep_the_goblin_king, layout_loops_ring, serial_shops,
          nicolae_shop_trees

Skill      XL: |  1  2 |
---------------+-------+-----
Dodging        | 3 |  3.0
Axes           | 3 |  3.0
Armour         | 1 |  1.0
Fighting       | |  3.3
Stealth        | |  1.7

Action                   || total
-------------------------++-------
Melee: Hand axe          ||    70
       Touch             ||    10
       Headbutt          ||     3
  Use: Scroll            ||     2
       Potion            ||     4
 Stab: Sleeping          ||     4
Armor: Robe              ||    12
Dodge: Dodged            ||    53

Table legend: (Time is in decaauts)
 A = Elapsed time spent in this place.
 B = Non-inter-level travel time spent in this place.
 C = Inter-level travel time spent in this place.
 D = Time resting spent in this place.
 E = Time spent auto-exploring this place.
 F = Levels seen in this place.
 G = Mean time per level.
                   A        B        C        D        E       F      G
               +--------+--------+--------+--------+--------+-----+--------+
         Total |    910 |    852 |     58 |    108 |    554 |   2 |  455.0 |
       Dungeon |    910 |    852 |     58 |    108 |    554 |   2 |  455.0 |
               +--------+--------+--------+--------+--------+-----+--------+

Top non-repeatable levels by time:
     D:1: 844 daAuts
     D:2: 65 daAuts
